 Dungeon Crawl Stone Soup version 0.28.0 (webtiles) character file.

Game seed: 3705815228039763254

29 fragbeetle the Unweaver (level 3, -1/29 HPs)
             Began as a Demonspawn Abyssal Knight on Feb 12, 2022.
             Was a Follower of Lugonu.
             Slain by a gnoll (6 damage)
             ... on level 1 of the Dungeon.
             The game lasted 00:02:24 (1947 turns).

fragbeetle the Unweaver (Demonspawn Abyssal Knight) Turns: 1947, Time: 00:02:25

Health: -1/29      AC:  3    Str: 15    XL:     3   Next: 1%
Magic:  5/5        EV: 11    Int: 11    God:    Lugonu [*.....]
Gold:   52         SH:  0    Dex: 13    Spells: 2/2 levels left

rFire   . . .      SeeInvis .   a - +1 spear
rCold   . . .      Faith    .   (no shield)
rNeg    . . .      Spirit   .   b - +0 leather armour
rPois   .          Reflect  .   (no helmet)
rElec   .          Harm     .   (no cloak)
rCorr   .          Rampage  .   (no gloves)
Will    .....                   (no boots)
Stlth   +.........              (no amulet)
HPRegen 0.09/turn               (no ring)
MPRegen 0.09/turn               (no ring)

@: no status effects
A: sturdy frame 1
a: Renounce Religion, Depart the Abyss


You were on level 1 of the Dungeon.
You worshipped Lugonu.
Lugonu was aware of your devotion.
You visited 1 branch of the dungeon, and saw 2 of its levels.
You visited the Abyss 1 time.

You collected 52 gold pieces.

Inventory:

Hand Weapons
 a - a +1 spear (weapon)
Armour
 b - a +0 leather armour (worn)
Scrolls
 e - 2 scrolls of enchant armour {unknown}
 g - a scroll of noise {unknown}
 h - a scroll of identify {unknown}
Potions
 c - 2 potions of curing {unknown}
 d - a potion of degeneration {unknown}
 f - a potion of haste {unknown}
 i - a potion of magic {unknown}


   Skills:
 - Level 3.0 Fighting
 * Level 2.7 Polearms
 - Level 1.8 Armour
 - Level 1.0 Dodging
 + Level 3.2 Invocations


You had 2 spell levels left.
You didn't know any spells.
Your spell library contained the following spells:

 Spells                   Type           Power      Damage    Failure   Level
 Static Discharge         Conj/Air       0%         N/A       50%         2
 Tukima's Dance           Hex            0%         N/A       73%         3
 Anguish                  Hex/Necr       0%         N/A       98%         4
 Dispel Undead            Necr           0%         3d6       98%         4
 Sticky Flame             Conj/Fire      0%         2d3       98%         4
 Enfeeble                 Hex            0%         N/A       100%        7


Dungeon Overview and Level Annotations

Branches:
Dungeon (2/15)

Altars:
The Shining One


Innate Abilities, Weirdness & Mutations

Your movements are slightly less encumbered by armour. (ER -2)


Message History

You hit the gnoll.
The gnoll is lightly wounded.
The gnoll misses you.
You barely miss the gnoll.
The gnoll is lightly wounded.
The gnoll hits you with a +0 club.
You hit the gnoll.
The gnoll is heavily wounded.
The gnoll hits you with a +0 club.
You are too injured to fight recklessly!
You are too injured to fight recklessly!
You are too injured to fight recklessly!
You are too injured to fight recklessly!
You barely miss the gnoll.
The gnoll is heavily wounded.
The gnoll hits you with a +0 club.
* * * LOW HITPOINT WARNING * * *
You barely miss the gnoll.
The gnoll is heavily wounded.
The gnoll closely misses you.
You barely miss the gnoll.
The gnoll is heavily wounded.
The gnoll closely misses you.
You barely miss the gnoll.
The gnoll is heavily wounded.
The gnoll hits you but does no damage.
You barely miss the gnoll.
The gnoll is heavily wounded.
The gnoll hits you with a +0 club.
* * * LOW HITPOINT WARNING * * *
You hit the gnoll.
The gnoll is severely wounded.
The gnoll completely misses you.
You closely miss the gnoll.
The gnoll is severely wounded.
The gnoll misses you.
You hit the gnoll.
The gnoll is severely wounded.
The gnoll hits you with a +0 club.
You die...

### #############.#######
#.............#......
#.###########.#.##### #.#
#.#.# #.# #.#.# #.#
#.#.#####
#####.###########.#.#....
#.....##@................
##.####..g......###......
#.# #.........###.#.###
#.# #)........'........
#.# #.........####...##
#.# #.........# #...# #.#
########### #...# #.#
##### #...## #.# #...#
#.....


You could see a gnoll.

Vanquished Creatures
  An endoplasm (D:1)
  A giant cockroach (D:1)
  7 goblins (D:1)
  3 hobgoblins (D:1)
  3 quokkas (D:1)
  4 ball pythons
  4 bats (D:1)
  3 frilled lizards (D:1)
  A rat (D:1)
27 creatures vanquished.

Notes
Turn   | Place    | Note
-------+----------+-------------------------------------------
     0 | Abyss:1  | fragbeetle the Demonspawn Abyssal Knight began the quest
                  | for the Orb.
     0 | Abyss:1  | Reached XP level 1. HP: 18/18 MP: 2/2
    77 | Abyss:1  | Noticed a chaos spawn
    78 | D:1      | Escaped the Abyss
   174 | D:1      | Reached skill level 1 in Dodging
   333 | D:1      | Gained mutation: Your movements are slightly less
                  | encumbered by armour. (ER -2) [demonic ancestry]
   333 | D:1      | Reached XP level 2. HP: 22/24 MP: 4/4
   418 | D:1      | Reached * piety under Lugonu
  1224 | D:1      | Found a faded altar of an unknown god.
  1929 | D:2      | Reached XP level 3. HP: 29/29 MP: 5/5
  1947 | D:1      | Slain by a gnoll

Illustrated notes

Levels and vault maps discovered:
D:1:      dpeg_arrival_three_bigger_balls, layout_basic,
          nicolae_ecumenical_lake_church
D:2:      layout_rooms, basic_altar, hangedman_decor_growths

Skill      XL: |  1  2 |
---------------+-------+-----
Dodging        | 1 |  1.0
Polearms       | 2 |  2.7
Invocations    | 3 |  3.2
Fighting       | |  3.0
Armour         | |  1.8

Action                   || total
-------------------------++-------
Melee: Spear             ||   111
       Punch             ||     2
Invok: Depart the Abyss  ||     1
 Stab: Sleeping          ||     3
Armor: Leather armour    ||    25
Dodge: Dodged            ||    32
